 Dungeon Crawl Stone Soup version 0.29-a0-479-g93865b4 (webtiles) character file.

Game seed: 7823031898725174633

56 Illumine the Vexing (level 3, -1/19 HPs)
             Began as a Deep Elf Enchanter on May 25, 2022.
             Slain by a quokka (4 damage)
             ... on level 2 of the Dungeon.
             The game lasted 00:04:31 (2866 turns).

Illumine the Vexing (Deep Elf Enchanter)            Turns: 2866, Time: 00:04:32

Health: -1/19      AC:  3    Str:  5    XL:     3   Next: 71%
Magic:  4/10       EV: 12    Int: 21    God:
Gold:   129        SH:  0    Dex: 15    Spells: 1/9 levels left

rFire   . . .      SeeInvis .   a - +1 dagger
rCold   . . .      Faith    .   (no shield)
rNeg    + . .      Spirit   .   l - +0 robe
rPois   .          Reflect  .   (no helmet)
rElec   .          Harm     .   (no cloak)
rCorr   .          Rampage  .   j - +0 pair of gloves
Will    .....                   (no boots)
Stlth   +++.......              (no amulet)
HPRegen 0.06/turn               f - ring of positive energy
MPRegen 0.12/turn               (no ring)

@: lethally poisoned (-1 -> -2)
A: no striking features
a: no special abilities


You were on level 2 of the Dungeon.
You visited 1 branch of the dungeon, and saw 2 of its levels.

You collected 129 gold pieces.

Inventory:

Hand Weapons
 a - a +1 dagger (weapon)
 b - a +1 short sword of speed
Missiles
 g - 49 stones (quivered)
Armour
 j - a +0 pair of gloves (worn)
 l - a +0 robe (worn)
Magical Staves
 d - a staff of poison
Jewellery
 e - a ring of fire
 f - a ring of positive energy (left hand)
Scrolls
 h - a scroll of fog {unknown}
 i - a scroll of magic mapping {unknown}
 k - a scroll of identify {unknown}
 n - a scroll of fear {unknown}
Potions
 c - 2 potions of invisibility
 m - a potion of haste {unknown}


   Skills:
 + Level 1.8 Short Blades
 - Level 2.4 Dodging
 + Level 4.4 Stealth
 + Level 3.8 Spellcasting
 + Level 4.6 Hexes


You had one spell level left.
You knew the following spells:

 Your Spells              Type           Power      Damage    Failure   Level
a - Ensorcelled Hibernat  Hex/Ice        26%        N/A       7%          2
b - Confusing Touch       Hex            23%        N/A       5%          3
c - Tukima's Dance        Hex            23%        N/A       5%          3

Your spell library contained the following spells:

 Spells                   Type           Power      Damage    Failure   Level
 Apportation              Tloc           8%         N/A       12%         1
 Necrotize                Necr           16%        1d4       12%         1
 Summon Small Mammal      Summ           16%        N/A       12%         1
 Dazzling Flash           Conj/Hex       26%        N/A       14%         3
 Passwall                 Tmut/Erth      3%         N/A       19%         2
 Swiftness                Air            4%         N/A       36%         3


Dungeon Overview and Level Annotations

Branches:
Dungeon (2/15)

Altars:


Message History

n - a scroll labelled DOEGOR YCEVIA
Found a mace.
You see here a +0 mace.
A goblin comes into view. It is wielding a +0 dagger of venom.
A goblin is nearby!
A quokka comes into view.
The goblin shouts!
The goblin hits you but does no damage.
You are poisoned.
You closely miss the goblin.
You feel very sick.
The goblin hits you with a +0 dagger of venom.
You barely miss the goblin.
You feel sick. The goblin barely misses you.
You feel sick.
Casting: Ensorcelled Hibernation (safe; 7% risk of failure)
Confirm with . or Enter, or press ? or * to list all spells.
Aiming: Ensorcelled Hibernation (safe; 7% risk of failure)
Press: ? - help, Shift-Dir - straight line, f - goblin
Aim: a goblin, wielding a +0 dagger of venom (chance to affect: 64%)
The goblin looks drowsy...
You feel sick.
The helpless goblin fails to defend itself.
You impale the goblin!!
You kill the goblin!
You feel sick.
Casting: Ensorcelled Hibernation (safe; 7% risk of failure)
Confirm with . or Enter, or press ? or * to list all spells.
Aiming: Ensorcelled Hibernation (safe; 7% risk of failure)
Press: ? - help, Shift-Dir - straight line, f - quokka
Aim: a quokka (chance to affect: 64%)
The quokka resists with significant effort.
You feel sick. The quokka closely misses you. The quokka bites you.
* * * LOW HITPOINT WARNING * * *
Casting: Ensorcelled Hibernation (safe; 7% risk of failure)
Confirm with . or Enter, or press ? or * to list all spells.
Aiming: Ensorcelled Hibernation (safe; 7% risk of failure)
Press: ? - help, Shift-Dir - straight line, f/p - quokka
Aim: a quokka (chance to affect: 64%)
The quokka resists with significant effort.
You feel sick. The quokka bites you.
You die...

# .# #.# #.# ..#
#.######## #.# #.#
#.......)# #.# ....
########.# #.# #.###
#.# #.# # # #.# #.#
#.# ##.##
##########.# #..^#
.......r@..# #...#
############# #...#
..# #.### #.# #.# #.
#.# #.# .. #.# #.# #
#.#################.#
#...................#
#..##################


You could see a quokka.

Vanquished Creatures
  2 adders (D:2)
  2 worms (D:2)
  A dart slug (D:2)
  2 giant cockroaches
  A goblin (D:2)
  5 quokkas
  4 ball pythons
  4 bats
  3 frilled lizards
  7 kobolds
  A rat (D:1)
32 creatures vanquished.

Notes
Turn   | Place    | Note
-------+----------+-------------------------------------------
     0 | D:1      | Illumine the Deep Elf Enchanter began the quest for the
                  | Orb.
     0 | D:1      | Reached XP level 1. HP: 10/10 MP: 6/6
   796 | D:1      | Reached XP level 2. HP: 4/15 MP: 8/8
   799 | D:1      | Learned a level 2 spell: Ensorcelled Hibernation
  1013 | D:1      | Found a faded altar of an unknown god.
  2274 | D:2      | Reached XP level 3. HP: 13/19 MP: 1/10
  2349 | D:2      | Learned a level 3 spell: Confusing Touch
  2353 | D:2      | Learned a level 3 spell: Tukima's Dance
  2866 | D:2      | Slain by a quokka

Illustrated notes

Levels and vault maps discovered:
D:1:      lightli_arrival_noodles, layout_basic,
          hellmonk_ecumenical_altar_arch_garden, minmay_heptomino_o4
D:2:      wander_river, layout_loops_ring

Skill      XL: |  1 |
---------------+----+-----
Stealth        | 4 |  4.4
Short Blades   | |  1.8
Dodging        | |  2.4
Spellcasting   | |  3.8
Hexes          | |  4.6

Action                   || total
-------------------------++-------
Melee: Dagger            ||    78
       Short sword       ||     8
Throw: Stone             ||    12
 Cast: Ensorcelled Hiber ||    28
  Use: Potion            ||     4
 Stab: Sleeping          ||    21
Armor: Robe              ||    29
Dodge: Dodged            ||    68

Table legend: (Time is in decaauts)
 A = Elapsed time spent in this place.
 B = Non-inter-level travel time spent in this place.
 C = Inter-level travel time spent in this place.
 D = Time resting spent in this place.
 E = Time spent auto-exploring this place.
 F = Levels seen in this place.
 G = Mean time per level.
                   A        B        C        D        E       F      G
               +--------+--------+--------+--------+--------+-----+--------+
         Total |   2872 |   2831 |     41 |   1047 |   1312 |   2 | 1436.0 |
       Dungeon |   2872 |   2831 |     41 |   1047 |   1312 |   2 | 1436.0 |
               +--------+--------+--------+--------+--------+-----+--------+

Top non-repeatable levels by time:
     D:1: 1763 daAuts
     D:2: 1108 daAuts
